 Dungeon Crawl Stone Soup version 0.21.1-1-g345015f (webtiles) character file.

1614 nulman the Covered (level 8, -22/62 HPs)
             Began as a Hill Orc Fighter on June 9, 2018.
             Was an Initiate of Hepliaklqana.
             Killed from afar by a killer bee (34 damage)
             ... with an exploding inner flame
             ... hexed by the player character
             ... on level 5 of the Dungeon.
             The game lasted 00:39:48 (5476 turns).

nulman the Covered (Hill Orc Fighter)               Turns: 5476, Time: 00:39:50

Health: -22/62     AC: 13    Str: 21    XL:     8   Next: 96%
Magic:  8/8        EV: 11    Int:  8    God:    Hepliaklqana [......]
Gold:   121        SH: 11    Dex: 15    Spells: 7/7 levels left

rFire    x . .     SeeInvis .   C - +0 spear
rCold    + + .     Gourm    .   c - +0 shield
rNeg     . . .     Faith    .   p - +0 chain mail (curse)
rPois    .         Spirit   .   l - +1 hat
rElec    .         Reflect  .   (no cloak)
rCorr    .         Harm     .   b - +0 pair of gloves
MR       .....                  (no boots)
Stlth    ..........             (no amulet)
HPRegen  0.20/turn              m - ring of ice
MPRegen  0.11/turn              s - ring of protection from cold

@: agile, lethally poisoned (-22 -> -38)
A: reduced essence
a: Recall Ancestor, Ancestor Identity, Renounce Religion


You were on level 5 of the Dungeon.
You worshipped Hepliaklqana.
Hepliaklqana was noncommittal.
You were not hungry.

You visited 2 branches of the dungeon, and saw 6 of its levels.

You collected 121 gold pieces.

Inventory:

Hand Weapons
 d - a +2 whip of flaming
 y - a +0 dagger
 A - a +0 hunting sling
 C - a +0 spear (weapon)
 D - a +0 shortbow
Missiles
 e - 116 arrows
 v - 46 stones
 E - a throwing net (quivered)
Armour
 b - a +0 pair of gloves (worn)
 c - a +0 shield (worn)
 l - a +1 hat (worn)
 p - a cursed +0 chain mail (worn)
Jewellery
 m - a ring of ice (left hand)
 s - a ring of protection from cold (right hand)
Wands
 F - a wand of digging (16)
 G - a wand of disintegration (11)
Scrolls
 g - 4 scrolls of remove curse
 j - a scroll of noise
 n - 3 scrolls of identify
 u - a scroll of enchant weapon {unknown}
 w - a scroll of fog {unknown}
 x - a scroll of magic mapping {unknown}
Potions
 a - a potion of mutation {unknown}
 i - a potion of haste {unknown}
 o - a potion of heal wounds
 r - a potion of curing
 t - a potion of lignification {unknown}
 z - a potion of agility
 B - 2 potions of brilliance {unknown}
Comestibles
 f - 7 rations


   Skills:
 + Level 5.6 Fighting
 + Level 6.7 Polearms
 + Level 7.4 Armour
 - Level 0.2 Dodging
 + Level 7.3 Shields


You had 7 spell levels left.
You didn't know any spells.

Dungeon Overview and Level Annotations

Branches:
Dungeon (5/15)             Temple (1/1) D:4

Altars:
Ashenzari
Cheibriados
Dithmenos
Elyvilon
Fedhas
Gozag
Hepliaklqana
Kikubaaqudgha
Makhleb
Nemelex Xobeh
Okawaru
Qazlal
Ru
Sif Muna
Trog
Vehumet
Wu Jian
Yredelemnul
Zin
The Shining One

Shops:
D:5 (


Message History

* * * LOW HITPOINT WARNING * * *
You feel sick. You block the killer bee's attack.
The killer bee barely misses Esteban.
The killer bee stings you but does no damage.
You puncture the killer bee!
The killer bee is severely wounded.
* * * LOW HITPOINT WARNING * * *
You feel sick.
The killer bee closely misses Esteban.
The killer bee barely misses you.
The killer bee barely misses Esteban.
You closely miss the killer bee.
The killer bee is severely wounded.
* * * LOW HITPOINT WARNING * * *
You feel sick. You block the killer bee's attack.
The killer bee stings Esteban.
Esteban closely misses the killer bee.
The killer bee barely misses you.
The killer bee misses Esteban.
You puncture the killer bee!
The killer bee explodes!
The fiery explosion engulfs you! The fire burns you terribly!
Ouch! That really hurt!
You die...

.......# .......# .......#
.......# .......######
###### ..<.........# #....#
#.[#.....##.# ##.#.#
#..#####.##.######y#.#####.
................@§Rl......>#
####.###.###.#####§........#
#....###.# #.############.##
#.##.#...# #................
#.##R#.### ##..............#
..##...# #..............#
######## #..............#
.... ##+##########..#
.######


You could see the friendly Esteban the ancestor, an iguana (inner flame) and a
killer bee (inner flame).

Vanquished Creatures
  Pikel (D:5)
  The ghost of inc the Cudgeler, an amateur DsMo of Gozag (D:4)
  A phantom (D:5)
  A centaur (D:5)
  3 killer bees (D:5)
  3 hounds
  A centaur skeleton (D:4)
  An orc wizard (D:4)
  4 worker ants
  A hound skeleton (D:5)
  5 adders
  2 worms (D:2)
  2 dart slugs
  2 leopard geckos
  4 orcs
  7 giant cockroaches
  5 goblins
  6 hobgoblins
  3 jackals (D:3)
  3 quokkas
  11 bats
  4 frilled lizards
  4 kobolds
  6 rats
81 creatures vanquished.

Vanquished Creatures (collateral kills)
  Sigmund (D:4)
  A sky beast (D:4)
  2 hounds (D:4)
  An iguana (D:4)
  A worker ant (D:4)
  A leopard gecko (D:5)
  2 orcs
  A quokka (D:4)
  A leopard gecko skeleton (D:5)
11 creatures vanquished.

Vanquished Creatures (others)
  2 slaves (D:5)
  A centaur zombie (D:5)
  2 ancestors (D:5)
5 creatures vanquished.

Grand Total: 97 creatures vanquished

Notes
Turn   | Place    | Note
-------+----------+-------------------------------------------
     0 | D:1      | nulman the Hill Orc Fighter began the quest for the Orb.
     0 | D:1      | Reached XP level 1. HP: 19/19 MP: 1/1
   167 | D:1      | Reached XP level 2. HP: 26/27 MP: 2/2
  1027 | D:2      | Reached XP level 3. HP: 22/33 MP: 3/3
  1632 | D:3      | Reached XP level 4. HP: 40/40 MP: 4/4
  2154 | D:3      | Found a deep blue altar of Sif Muna.
  2365 | D:4      | Reached XP level 5. HP: 13/47 MP: 5/5
  2656 | D:4      | Found an iron altar of Okawaru.
  2714 | D:4      | Noticed a sky beast
  2967 | D:5      | Entered Level 5 of the Dungeon
  2988 | D:4      | Reached XP level 6. HP: 53/53 MP: 6/6
  3055 | D:4      | Found a staircase to the Ecumenical Temple.
  3064 | Temple   | Entered the Ecumenical Temple
  3296 | D:4      | Noticed a phantom
  3460 | D:5      | Killed a phantom
  3460 | D:5      | Reached skill level 5 in Shields
  3637 | D:4      | Noticed inc's ghost (amateur DsMo)
  3707 | D:4      | Killed inc's ghost
  3707 | D:4      | Reached skill level 5 in Polearms
  3707 | D:4      | Reached XP level 7. HP: 9/60 MP: 7/7
  4019 | D:4      | Reached skill level 5 in Armour
  4044 | D:4      | Found a hazy altar of Hepliaklqana.
  4045 | D:4      | Found a sparkling altar of Nemelex Xobeh.
  4062 | D:4      | Became a worshipper of Hepliaklqana the Forgotten
  4392 | D:4      | Noticed Sigmund
  4407 | D:4      | Killed Sigmund
  4407 | D:4      | Reached skill level 5 in Fighting
  4601 | D:4      | Reached XP level 8. HP: 23/61 MP: 8/8
  5049 | D:5      | Found Townil's Antique Weapon Shop.
  5049 | D:5      | Found a shadowy altar of Dithmenos.
  5077 | D:5      | Noticed Pikel
  5097 | D:5      | Killed Pikel
  5476 | D:5      | Killed from afar by a killer bee

Skill      XL: |  1  2  3  4  5  6  7  8 |
---------------+-------------------------+-----
Fighting       | 4 5 |  5.6
Polearms       | 3 4 5 6 |  6.7
Shields        | 4 5 6 7 |  7.3
Armour         | 4 5 7 |  7.4
Dodging        | |  0.2

Action                   |  1- 3 |  4- 6 |  7- 9 || total
-------------------------+-------+-------+-------++-------
Melee: Trident           |   172 |    60 |       ||   232
       Spear             |       |   249 |   161 ||   410
Throw: Stone             |       |     2 |       ||     2
       Throwing net      |       |       |     1 ||     1
Invok: Recall Ancestor   |       |       |     1 ||     1
       Ancestor Identity |       |       |     1 ||     1
  Use: Scroll            |     2 |     1 |     3 ||     6
       Potion            |       |     1 |     8 ||     9
 Stab: Distracted        |       |       |     2 ||     2
  Eat: Chunk             |     2 |     4 |     3 ||     9
       Ration            |       |     1 |     1 ||     2
Armor: Scale mail        |    22 |       |       ||    22
       Chain mail        |    53 |   138 |   141 ||   332
Dodge: Dodged            |    31 |    52 |    70 ||   153
Block: Shield            |    79 |   126 |   114 ||   319
